 Dungeon Crawl Stone Soup version 0.30-a0-424-g7412bad402 (webtiles) character file.

Game seed: 14103428515732998996

158442 experimilk the Bewitcher (level 17, -2/137 HPs)
             Began as a Purple Draconian Conjurer on Dec 9, 2022.
             Was the Champion of Dithmenos.
             Slain by a ghost moth (4 damage)
             ... on level 4 of the Spider Nest on Dec 10, 2022.
             The game lasted 02:59:56 (39994 turns).

experimilk the Bewitcher (DrCj)                    Turns: 39994, Time: 02:59:57

Health: -2/137     AC: 20    Str:  7 (9)  XL:     17   Next: 14%
Magic:  0/30       EV: 19    Int: 18 (21) God:    Dithmenos [******]
Gold:   2779       SH:  9    Dex: 20 (22) Spells: 2/34 levels left

rFire   . . .      SeeInvis .    a - +7 Spriggan's Knife {stab, EV+4 Stlth+}
rCold   . . .      Faith    .    f - +3 buckler
rNeg    . . .      Spirit   .    (body armour unavailable)
rPois   +          Reflect  .    M - +2 hat {Will+}
rElec   .          Harm     .    y - +2 cloak
rCorr   .          Rampage  .    W - +2 pair of gloves {hurl}
Will    +++..                    o - +2 pair of boots
Stlth   ++++++....               g - amulet of magic regeneration
HPRegen 0.42/turn                s - ring of poison resistance
MPRegen 0.62/turn                c - +6 ring of dexterity

@: wreathed by umbra, very slow
A: breathe power, AC +9, unfitting armour, cold-blooded
a: Breathe Dispelling Energy, Renounce Religion, Shadow Step, Shadow Form


You were on level 4 of the Spider Nest.
You worshipped Dithmenos.
Dithmenos was exalted by your worship.
You visited 4 branches of the dungeon, and saw 25 of its levels.
You also visited: Gauntlet and Volcano.

You collected 5223 gold pieces.
You spent 2444 gold pieces at shops.

Inventory:

Hand Weapons
 a - the +7 Spriggan's Knife (weapon) {stab, EV+4 Stlth+}
   (You found it on level 3 of the Dungeon)

   It is more effective when stabbing unaware enemies, sometimes treating them
   as though they were completely helpless.
   EV:        It affects your evasion (+4).
   Stlth:     It makes you more stealthy.
 b - a +5 rapier of flaming
Missiles
 P - a throwing net
Armour
 f - a +3 buckler (worn)
 o - a +2 pair of boots (worn)
 y - a +2 cloak (worn)
 M - a +2 hat of willpower (worn)
 W - a +2 pair of gloves of hurling (worn)
Jewellery
 c - a +6 ring of dexterity (right hand)
 d - a ring of resist corrosion
 g - an amulet of magic regeneration (around neck)
 s - a ring of poison resistance (left hand)
 t - a ring of willpower
 u - a ring of flight
 G - a ring of protection from cold
 H - a ring of positive energy
 I - a ring of willpower
 J - a +4 ring of evasion
 L - a ring of protection from fire
 U - the ring "Umoemogu" {Wiz MP+9}
   (You found it in a Gauntlet)

   [ring of wizardry]

   It improves your spell success rate.
   MP:        It affects your magic capacity (+9).
Wands
 m - a wand of mindburst (15)
 n - a wand of digging (13)
 x - a wand of light (4)
 E - a wand of charming (12)
 F - a wand of flame (22)
 R - a wand of iceblast (6)
Scrolls
 e - 3 scrolls of fog
 h - 4 scrolls of teleportation
 i - 2 scrolls of poison
 j - a scroll of torment
 k - 4 scrolls of amnesia
 l - 4 scrolls of immolation
 v - a scroll of silence
 C - 4 scrolls of magic mapping
 O - 6 scrolls of identify
 Q - 2 scrolls of fear
 Y - 2 scrolls of vulnerability
Potions
 p - 3 potions of flight
 q - 3 potions of ambrosia
 r - a potion of cancellation
 z - 4 potions of brilliance
 A - 5 potions of curing
 N - 2 potions of mutation
 S - 2 potions of attraction
 T - 4 potions of lignification
 Z - 2 potions of might
Miscellaneous
 K - a phial of floods
 V - a phantom mirror


   Skills:
 - Level 9.0 Fighting
 - Level 14.0 Short Blades
 - Level 6.0 Dodging
 - Level 12.0 Stealth
 + Level 6.2 Shields
 - Level 9.0 Spellcasting
 - Level 9.0 Conjurations
 * Level 18.1 Hexes
 - Level 9.0 Ice Magic
 + Level 9.1 Invocations
 - Level 3.0 Evocations


You had 2 spell levels left.
You knew the following spells:

 Your Spells              Type           Power      Damage    Failure   Level
a - Ensorcelled Hibernat  Hex/Ice        100%       N/A       1%          2
b - Magic Dart            Conj           100%       1d8       1%          1
c - Enfeeble              Hex            32%        N/A       5%          7
d - Anguish               Hex/Necr       20%        N/A       2%          4
e - Summon Ice Beast      Ice/Summ       24%        N/A       17%         4
f - Tukima's Dance        Hex            65%        N/A       1%          3
p - Apportation           Tloc           16%        N/A       11%         1
q - Frozen Ramparts       Ice            80%        1d13      1%          3
s - Dazzling Flash        Conj/Hex       100%       N/A       1%          3
x - Iskenderun's Mystic   Conj/Tloc      24%        2d7       17%         4

Your spell library contained the following spells:

 Spells                   Type           Power      Damage    Failure   Level
 Searing Ray              Conj           80%        2d7       1%          2
 Beastly Appendage        Tmut           16%        N/A       11%         1
 Cigotuvi's Dreadful Rot  Necr/Pois/Air  16%        N/A       17%         2
 Passwall                 Tmut/Erth      6%         N/A       17%         2
 Poisonous Vapours        Pois/Air       16%        N/A       17%         2
 Scorch                   Fire           16%        2d6       17%         2
 Wereblood                Tmut           8%         N/A       17%         2
 Ozocubu's Armour         Ice            40%        N/A       1%          3
 Portal Projectile        Hex/Tloc       80%        N/A       1%          3
 Fulminant Prism          Conj/Hex       27%        3d13      1%          4
 Yara's Violent Unravell  Hex/Tmut       20%        3d9       8%          5
 Mephitic Cloud           Conj/Pois/Air  18%        N/A       10%         3
 Flame Wave               Conj/Fire      24%        2d8       17%         4
 Ice Form                 Ice/Tmut       24%        N/A       17%         4
 Sticky Flame             Conj/Fire      24%        2d5       17%         4
 Gell's Gravitas          Tloc           8%         N/A       32%         3
 Ignite Poison            Fire/Tmut/Pois 8%         N/A       32%         3
 Lesser Beckoning         Tloc           16%        N/A       32%         3
 Spider Form              Tmut/Pois      8%         N/A       32%         3
 Swiftness                Air            8%         N/A       32%         3
 Teleport Other           Tloc           8%         N/A       32%         3
 Petrify                  Tmut/Erth      8%         N/A       73%         4
 Ozocubu's Refrigeration  Ice            20%        4d11      93%         7
 Alistair's Intoxication  Tmut/Pois      5%         N/A       97%         5
 Blade Hands              Tmut           4%         N/A       97%         5
 Borgnjor's Vile Clutch   Necr/Erth      4%         N/A       97%         5
 Ignition                 Fire           4%         3d4       100%        8


Dungeon Overview and Level Annotations

Branches:
Dungeon (14/15) Temple (0/1) D:4 Lair (5/5) D:9 Shoals (0/4) Lair:3 Spider (4/4) Lair:2 Slime (0/5) Lair:5 Orc (2/2) D:11 Elf (0/3) Orc:1 Orc:2 Vaults (0/5) D:14 Volcano (visited) Gauntlet (visited)

Altars:
Cheibriados
Dithmenos
Kikubaaqudgha
Makhleb
Qazlal
Sif Muna
Trog
Uskayaw
Vehumet
Wu Jian
Xom
Jiyva

Shops:
D:3 [   D:4 (   D:13 *   Orc:2 :(?

Annotations:
D:4 2 transporters, lokiplouj's ghost, amateur MiBe
D:7 3 runed translucent doors, Ahpoh's ghost, novice GrGl
D:14 exclusion: ice statue


Innate Abilities, Weirdness & Mutations

You can breathe bolts of dispelling energy.
Your rich purple scales are hard. (AC +9)
You cannot fit into any form of body armour.
You are cold-blooded and may be slowed by cold attacks.


Message History

* * * LOW HITPOINT WARNING * * *
Something hits you but does no damage.
Something stings you but does no damage.
You hit something.
Your shadow hits something but does no damage.
You block something's attack. Something hits you but does no damage.
Something stings you.
* * * LOW HITPOINT WARNING * * *
Unknown command.
You closely miss something.
Unknown command.
You closely miss something. Something closely misses you.
Something hits you but does no damage.
Something stings you but does no damage.
Unknown command.
You barely miss something. You tail-slap something.
Unknown command.
You hit something. You tail-slap something.
Your shadow closely misses something.
Something hits you.
* * * LOW HITPOINT WARNING * * *
You feel dopey. Something hits you but does no damage.
Something barely misses you.
Unknown command.
Unknown command.
You hit something.
Your shadow hits something but does no damage.
Something hits you.
* * * LOW HITPOINT WARNING * * *
You feel clumsy. You block something's attack. Something stings you.
* * * LOW HITPOINT WARNING * * *
You hit something but do no damage.
Your tail-slap misses something.
Your shadow hits something but does no damage.
Unknown command.
You hit something.
Your tail-slap misses something.
Your shadow barely misses something.
You feel you are being watched by something.
You feel your power leaking away. Something hits you.
You die...

#~.s. ~.. #..~# ..##
#†B§## ...# #s§y##
##^.## ##
##~s~####~.~^##.#
##...##~^#.##~#.^##
#...~#...^^...~.^^#~.
#s....~...^..........
#..s^#~~{@........#~
##...##.†#.##^#^~##
##~.^#.##~~..# ##
s.~######..## ~ss##
#^..^# ..~# ##..##
~.^. #....# ##^.##
#.#..#


There were no monsters in sight!

Vanquished Creatures
  Rupert (D:12)
  Kirke (D:12)
  Gastronok (D:10)
  7 emperor scorpions
  3 ghost moths (Spider:4)
  An orc warlord (Orc:1)
  5 broodmothers
  The ghost of IdlyInterested the Cruncher, a journeyman DsWn of Makhleb (D:14)
  4 spark wasps
  A minotaur (Gauntlet)
  Snorg (Lair:4)
  2 crystal guardians (D:13)
  Fannar (Orc:1)
  4 entropy weavers
  4 hydras
  6 vault guards (D:14)
  A jorogumo (Spider:3)
  4 centaur warriors
  2 ogre magi (Orc:2)
  3 radroaches
  Erica (Lair:1)
  6 boulder beetles
  8 two-headed ogres
  3 catoblepae (Lair:5)
  2 tengu warriors (D:13)
  Urug (Lair:5)
  5 death yaks (Lair:5)
  An orc high priest (Orc:2)
  A death yak (shapeshifter) (D:13)
  Amaemon (Lair:3)
  A sun moth (Spider:2)
  Lodul (D:14)
  4 pharaoh ants
  11 orb spiders
  10 steelbarb worms
  2 orange crystal statues
  A deep elf archer (Volcano)
  10 deep elf pyromancers
  An ugly thing (D:13)
  An orc knight (Orc:1)
  4 manticores
  7 orc sorcerers (Orc:2)
  21 wolf spiders
  5 cyclopes
  2 moths of wrath
  Maurice (D:12)
  14 elephants
  3 torpor snails
  2 black mambas
  An orange demon (Lair:3)
  4 gargoyles
  A cane toad (shapeshifter) (D:14)
  Maggie (D:8)
  4 cane toads
  6 komodo dragons
  Psyche (D:8)
  An unseen horror (D:12)
  4 kobold demonologists (D:12)
  A freezing wraith (D:13)
  3 rime drakes
  6 demonic crawlers
  6 meliai
  4 polar bears
  8 trolls
  A nameless horror (D:12)
  A polar bear (shapeshifter) (D:14)
  A hornet (D:8)
  8 blink frogs (Lair:5)
  A tyrant leech (Gauntlet)
  Grinder (D:4)
  3 slime creatures (D:13)
  30 tarantellas
  25 culicivoras
  A centaur simulacrum (D:14)
  40 jumping spiders
  4 shadows
  2 wyverns
  3 wraiths
  6 fire elementals (Volcano)
  31 yaks
  5 hogs (D:12)
  41 redbacks
  A steam dragon (D:8)
  3 basilisks
  8 vampire mosquitoes
  2 wargs
  4 swamp worms (Gauntlet)
  2 acid dragons
  14 water moccasins
  21 orc warriors
  3 ice beasts
  3 black bears
  2 sky beasts (D:7)
  17 ogres
  27 wolves
  8 centaurs
  2 phantoms
  3 kobold brigands
  A gnoll sergeant (D:8)
  11 bullfrogs
  A necrophage (D:5)
  7 scorpions
  19 wights
  13 killer bees
  8 electric eels
  9 howler monkeys
  3 hounds
  15 orc priests
  2 gnoll boudas
  2 jellies
  5 iguanas
  45 orc wizards
  Robin (D:2)
  11 gnolls
  9 adders
  6 white imps
  An ufetubus (D:7)
  2 worms (D:2)
  82 orcs
  6 bats
  8 endoplasms
  5 giant cockroaches
  8 goblins (D:2)
  10 hobgoblins
  4 jackals (D:4)
  6 quokkas
  9 ball pythons
  4 frilled lizards
  23 kobolds
  6 rats
900 creatures vanquished.

Vanquished Creatures (collateral kills)
  A vampire mosquito (D:13)
  2 kobold brigands (D:12)
3 creatures vanquished.

Vanquished Creatures (others)
  2 vault guards (D:14)
  A deep elf pyromancer (D:12)
  An orc sorcerer (Orc:2)
  A cyclops (D:12)
  2 ogres
  A centaur (D:14)
  A gnoll sergeant (D:12)
  An orc (Orc:2)
  A goblin (D:4)
  27 fulminant prisms
  51 fungi
  71 plants
160 creatures vanquished.

Grand Total: 1063 creatures vanquished

Notes
Turn   | Place    | Note
-------+----------+-------------------------------------------
     0 | D:1      | experimilk the Draconian Conjurer began the quest for the
                  | Orb.
     0 | D:1      | Reached XP level 1. HP: 14/14 MP: 3/3
    34 | D:1      | Reached XP level 2. HP: 13/20 MP: 1/5
   823 | D:2      | Learned a level 2 spell: Searing Ray
   832 | D:2      | Reached skill level 5 in Conjurations
   900 | D:2      | Reached XP level 3. HP: 26/26 MP: 3/6
   924 | D:2      | HP: 1/26 [kobold/+0 whip (5)]
  1191 | D:2      | Noticed Robin
  1193 | D:2      | Reached XP level 4. HP: 33/33 MP: 1/7
  1208 | D:2      | Killed Robin
  1550 | D:2      | Found a faded altar of an unknown god.
  1710 | D:3      | Found an ornate altar of the Wu Jian Council.
  1947 | D:3      | Found a snail-covered altar of Cheibriados.
  2231 | D:3      | Found Isipt's Armour Boutique.
  2239 | D:3      | Bought a +0 pair of boots for 49 gold pieces
  2459 | D:3      | Reached XP level 5. HP: 30/38 MP: 2/8
  2546 | D:3      | Found the +7 Spriggan's Knife {stab, EV+4 Stlth+}
  2566 | D:3      | Learned a level 2 spell: Ensorcelled Hibernation
  2575 | D:3      | Noticed an ice beast
  2587 | D:3      | Killed an ice beast
  2693 | D:3      | Reached XP level 6. HP: 45/45 MP: 4/9
  2944 | D:4      | Noticed Grinder
  2951 | D:3      | Learned a level 3 spell: Dazzling Flash
  3051 | D:4      | Found a transporter.
  3051 | D:4      | Noticed lokiplouj's ghost (amateur MiBe)
  3083 | D:4      | Reached skill level 1 in Hexes
  3419 | D:4      | Reached skill level 2 in Hexes
  3561 | D:4      | Found a shadowy altar of Dithmenos.
  3566 | D:4      | Became a worshipper of Dithmenos the Shadowed
  3632 | D:4      | Found a transporter.
  3778 | D:4      | Got the Secrets of Earth and the Arsonist
  3930 | D:4      | Found Ziorhun's Antique Weapon Shoppe.
  4052 | D:4      | Paralysed by Grinder for 2 turns
  4057 | D:4      | Killed Grinder
  4058 | D:4      | Reached skill level 3 in Hexes
  4058 | D:4      | Your scales start taking on a rich purple colour.
  4058 | D:4      | Reached skill level 4 in Hexes
  4058 | D:4      | Reached XP level 7. HP: 32/50 MP: 5/10
  4318 | D:4      | Found a staircase to the Ecumenical Temple.
  4433 | D:5      | Entered Level 5 of the Dungeon
  4458 | D:5      | Reached skill level 5 in Hexes
  4922 | D:5      | Found a radiant altar of Vehumet.
  4972 | D:5      | Reached XP level 8. HP: 41/57 MP: 5/13
  5310 | D:5      | Reached skill level 6 in Hexes
  5476 | D:5      | Learned a level 4 spell: Fulminant Prism
  5569 | D:5      | Reached * piety under Dithmenos
  5585 | D:5      | Found a hide-covered altar of Uskayaw.
  5768 | D:6      | Found a stormy altar of Qazlal.
  5813 | D:5      | Reached skill level 1 in Short Blades
  6144 | D:5      | Reached skill level 5 in Spellcasting
  6367 | D:6      | Reached XP level 9. HP: 57/62 MP: 11/18
  7058 | D:7      | Reached skill level 7 in Hexes
  7412 | D:7      | Reached skill level 8 in Hexes
  7953 | D:7      | Found a runed translucent gate.
  7953 | D:7      | Noticed a cyclops
  7954 | D:7      | Found a runed translucent gate.
  7956 | D:7      | Found a runed translucent gate.
  7957 | D:7      | Noticed Ahpoh's ghost (novice GrGl)
  8060 | D:7      | Reached skill level 5 in Short Blades
  8060 | D:7      | Reached skill level 5 in Stealth
  8520 | D:8      | Reached ** piety under Dithmenos
  8529 | D:8      | Reached XP level 10. HP: 69/69 MP: 17/19
  8554 | D:8      | Noticed Psyche
  8558 | D:8      | Killed Psyche
  8559 | D:8      | Reached skill level 9 in Hexes
  9090 | D:8      | Noticed Maggie
  9090 | D:8      | Noticed a two-headed ogre
  9095 | D:8      | Killed a two-headed ogre
  9096 | D:8      | Reached skill level 1 in Fighting
  9103 | D:8      | Killed Maggie
  9608 | D:8      | Found a shimmering blue altar of Sif Muna.
  9737 | D:8      | Found a burning altar of Makhleb.
  9737 | D:8      | Noticed a green death
  9847 | D:9      | Noticed a two-headed ogre
 10072 | D:9      | Found a staircase to the Lair.
 10080 | D:9      | Noticed a two-headed ogre
 10091 | D:9      | Killed a two-headed ogre
 10104 | D:9      | Reached *** piety under Dithmenos
 10109 | D:9      | Reached XP level 11. HP: 47/82 MP: 4/20
 10986 | D:9      | Found a bloodstained altar of Trog.
 11121 | D:9      | Killed a two-headed ogre
 11372 | D:10     | Entered Level 10 of the Dungeon
 11490 | D:10     | Noticed a two-headed ogre
 11495 | D:10     | Killed a two-headed ogre
 11669 | D:10     | Noticed Gastronok
 12102 | D:10     | Killed Gastronok
 12411 | D:10     | Identified the +4 whip "Wotrin" {vorpal, rPois}
 12890 | D:11     | Noticed a boulder beetle
 12893 | D:11     | Killed a boulder beetle
 12894 | D:11     | Reached skill level 10 in Hexes
 13078 | D:11     | Found a staircase to the Orcish Mines.
 13146 | D:11     | Reached **** piety under Dithmenos
 13554 | D:11     | Reached skill level 5 in Fighting
 13870 | D:11     | Reached skill level 11 in Hexes
 14138 | D:11     | Reached XP level 12. HP: 28/94 MP: 19/21
 14665 | Lair:1   | Entered Level 1 of the Lair of Beasts
 14734 | Lair:1   | Noticed Erica
 14763 | Lair:1   | Killed Erica
 14764 | Lair:1   | Reached skill level 10 in Stealth
 14951 | Lair:1   | Found a dark tunnel.
 14962 | Volcano  | Entered a volcano
 15238 | Volcano  | Reached skill level 12 in Hexes
 16291 | Lair:2   | Found a gate leading to a gauntlet.
 16300 | Gauntlet | Entered a Gauntlet
 16300 | Gauntlet | Found a transporter.
 16307 | Gauntlet | Found a runed translucent door.
 16309 | Gauntlet | Found a transporter.
 16311 | Gauntlet | Found a transporter.
 16313 | Gauntlet | Found a transporter.
 16315 | Gauntlet | Found a transporter.
 16316 | Gauntlet | Found a transporter.
 16324 | Gauntlet | Found a transporter.
 16325 | Gauntlet | Found a transporter.
 16343 | Gauntlet | Found a transporter.
 16365 | Gauntlet | Found a transporter.
 16366 | Gauntlet | Found a transporter.
 16374 | Gauntlet | Found a transporter.
 16511 | Gauntlet | Identified the ring "Umoemogu" {Wiz MP+9}
 16703 | Gauntlet | Learned a level 4 spell: Anguish
 16731 | Gauntlet | Identified the +6 scimitar of Luos {protect, *Rage +Blink
                  | rF++ Will+}
 16731 | Gauntlet | Noticed a minotaur
 16739 | Gauntlet | Killed a minotaur
 16989 | Lair:2   | Reached ***** piety under Dithmenos
 17005 | Lair:2   | Reached skill level 10 in Short Blades
 17469 | Lair:2   | Found a hole to the Spider Nest.
 18027 | Lair:3   | Reached skill level 1 in Invocations
 18056 | Lair:3   | Reached XP level 13. HP: 94/103 MP: 19/22
 18085 | Lair:3   | Found a staircase to the Shoals.
 18378 | Lair:3   | Noticed Amaemon
 18382 | Lair:3   | Killed Amaemon
 18902 | Lair:4   | Noticed Snorg
 18903 | Lair:4   | Killed Snorg
 20086 | Lair:5   | Entered Level 5 of the Lair of Beasts
 20086 | Lair:5   | Noticed Urug
 20120 | Lair:5   | Killed Urug
 20215 | Lair:5   | Reached skill level 1 in Shields
 20215 | Lair:5   | Reached skill level 1 in Evocations
 20391 | Lair:5   | Found a viscous altar of Jiyva.
 20391 | Lair:5   | Found a staircase to the Slime Pits.
 20972 | Lair:5   | Reached skill level 5 in Dodging
 22439 | Lair:5   | Reached skill level 1 in Ice Magic
 22476 | Lair:5   | Learned a level 3 spell: Frozen Ramparts
 23056 | Lair:5   | Reached XP level 14. HP: 114/118 MP: 8/23
 23209 | Lair:5   | Learned a level 4 spell: Ice Form
 23589 | Orc:1    | Entered Level 1 of the Orcish Mines
 23606 | Orc:1    | Learned a level 4 spell: Summon Ice Beast
 23638 | Orc:1    | Reached skill level 5 in Invocations
 23724 | Orc:2    | Entered Level 2 of the Orcish Mines
 23915 | Orc:1    | Noticed Fannar
 23925 | Orc:1    | Killed Fannar
 24298 | Orc:2    | Found a staircase to the Elven Halls.
 24304 | Orc:2    | Noticed an orc warlord
 24587 | Orc:1    | Killed an orc warlord
 25446 | Orc:2    | Found Igiby's Antique Weapon Shoppe.
 25467 | Orc:2    | Reached skill level 5 in Ice Magic
 25698 | Orc:2    | Found a radiant altar of Vehumet.
 25706 | Orc:2    | Found Niucub's Magic Scroll Shoppe.
 25717 | Orc:2    | Bought a scroll of noise for 15 gold pieces
 25718 | Orc:2    | Bought a scroll of identify for 30 gold pieces
 25718 | Orc:2    | Bought a scroll of blinking for 112 gold pieces
 25723 | Orc:2    | Found an ancient bone altar of Kikubaaqudgha.
 25761 | Orc:2    | Found Laxusi's Magic Scroll Emporium.
 25877 | Orc:2    | Found Tiojakhlua's Book Emporium.
 25886 | Orc:2    | Bought Ozocubu's Autobiography for 336 gold pieces
 25886 | Orc:2    | Bought a book of Weapons for 392 gold pieces
 25891 | Orc:2    | Learned a level 3 spell: Tukima's Dance
 25903 | Orc:2    | Bought a scroll of identify for 32 gold pieces
 25903 | Orc:2    | Bought a scroll of magic mapping for 120 gold pieces
 25903 | Orc:2    | Bought a scroll of identify for 32 gold pieces
 25903 | Orc:2    | Bought a scroll of fog for 64 gold pieces
 25903 | Orc:2    | Bought a scroll of identify for 32 gold pieces
 25903 | Orc:2    | Bought a scroll of blinking for 120 gold pieces
 25903 | Orc:2    | Bought a scroll of brand weapon for 152 gold pieces
 25931 | Orc:2    | Bought a scroll of enchant weapon for 112 gold pieces
 25931 | Orc:2    | Bought a scroll of poison for 60 gold pieces
 25931 | Orc:2    | Bought a scroll of amnesia for 60 gold pieces
 25931 | Orc:2    | Bought a scroll of magic mapping for 112 gold pieces
 25931 | Orc:2    | Bought a scroll of fear for 60 gold pieces
 26774 | D:12     | Noticed Rupert
 26774 | D:12     | Found a shimmering altar of Xom.
 26810 | D:12     | Noticed Maurice
 26813 | D:12     | Killed Maurice
 26867 | D:12     | Noticed Kirke
 27627 | D:12     | Killed Rupert
 27641 | D:12     | Learned a level 4 spell: Iskenderun's Mystic Blast
 27909 | D:12     | Killed Kirke
 28339 | D:13     | Reached skill level 13 in Hexes
 28878 | D:13     | Found Lymexa's Assorted Antiques.
 28886 | D:13     | Bought a scroll of identify for 66 gold pieces
 28886 | D:13     | Bought a scroll of vulnerability for 132 gold pieces
 28886 | D:13     | Bought a scroll of identify for 66 gold pieces
 28886 | D:13     | Bought a scroll of identify for 66 gold pieces
 29093 | D:13     | Reached XP level 15. HP: 46/124 MP: 26/28
 29678 | Orc:2    | Bought a book of Party Tricks for 224 gold pieces
 29680 | Orc:2    | Learned a level 1 spell: Apportation
 30010 | D:13     | Found a runed translucent door.
 30126 | D:13     | Reached skill level 5 in Shields
 30666 | D:13     | Identified the amulet "Hubbiq" {Acrobat *Slow +Inv rF+
                  | rCorr}
 30683 | D:13     | Identified the +9 mace of the Silent Majority {flame, rF++
                  | Int+4}
 30849 | D:14     | Found a gate to the Vaults.
 30882 | D:14     | Reached skill level 14 in Hexes
 31284 | D:14     | Found a runed translucent gate.
 31284 | D:14     | Found a runed translucent gate.
 31284 | D:14     | Found a runed translucent gate.
 31285 | D:14     | Noticed IdlyInterested's ghost (journeyman DsWn)
 31490 | D:14     | Noticed Lodul
 31503 | D:14     | Killed Lodul
 31977 | D:14     | Reached skill level 15 in Hexes
 32628 | D:14     | Killed IdlyInterested's ghost
 33297 | Spider:1 | Entered Level 1 of the Spider Nest
 33401 | Spider:1 | Got the Catalogue of Ghoulish Cold
 33529 | Spider:1 | Learned a level 7 spell: Enfeeble
 33868 | Spider:1 | Noticed an emperor scorpion
 33872 | Spider:1 | Noticed an emperor scorpion
 33876 | Spider:1 | Killed an emperor scorpion
 33965 | Spider:1 | Killed an emperor scorpion
 35095 | Spider:1 | Reached XP level 16. HP: 97/132 MP: 3/29
 37177 | Spider:3 | Identified the +2 robe of Cheibriados's Esteem {Drain rC-
                  | Will+++ Dex+5 Stlth+}
 37788 | Spider:4 | Entered Level 4 of the Spider Nest
 38416 | Spider:4 | Reached skill level 16 in Hexes
 38480 | Spider:4 | Reached ****** piety under Dithmenos
 38748 | Spider:4 | Reached skill level 17 in Hexes
 39429 | Spider:4 | Reached XP level 17. HP: 93/137 MP: 30/30
 39591 | Spider:4 | Reached skill level 18 in Hexes
 39992 | Spider:4 | HP: 3/137 [something (5)]
 39994 | Spider:4 | Slain by a ghost moth

Illustrated notes

Levels and vault maps discovered:
D:1:      pf_arrival_petrified_forest, layout_rooms, fountainhead
D:2:      layout_basic, hellmonk_ecumenical_altar_slurped_away,
          minmay_hexomino_c4, uniq_robin
D:3:      layout_loops_ring, mainiacjoe_overflow_six_doors_small,
          nzn_wu_jian_contemplation, serial_shops, nicolae_shop_crystal,
          minmay_divided_ellipse
D:4:      layout_loops_ring, mainiacjoe_overflow_alcove_2, temple_hall,
          serial_shops, shop, gammafunk_ghost_arena, uniq_grinder
D:5:      layout_basic, marbit_many_paths, amcnicky_altar_gilded, serial_curves,
          eino_curves_02, eino_curves_04
D:6:      layout_cave_pools, nicolae_qazlal_scattered_showers
D:7:      layout_rooms, gammafunk_ghost_split, nicolae_eternal_life
D:8:      layout_basic, led_sif_book, makhleb_altar_promises_db, minivault_1,
          wad_rectangle_vault, uniq_maggie, uniq_psyche
D:9:      layout_stronghold, general_overflow_altar, due_lair_maze_entry_diamond
D:10:     layout_long_grid, uniq_gastronok
D:11:     layout_roguey, hiddenorc2_lemuel, hellmonk_bongcloud_opening,
          disabler_island
D:12:     layout_rooms, xom_confusion_cloud, uniq_rupert, uniq_maurice,
          uniq_kirke
D:13:     minmay_ornate_pinched, layout_basic, serial_shops, nicolae_shop_stone,
          minmay_crystal_box
D:14:     lemuel_ice_statue, layout_stronghold, erik_vaults_2,
          gammafunk_ghost_hydra_chop, minmay_holes, uniq_lodul
Lair:1:   layout_chaotic_city, enter_volcano_1,
          nicolae_lair_run_with_the_wolves, uniq_erica
Lair:2:   layout_regular_city, hellmonk_spider_entry_life_and_decay,
          gauntlet_entry_generic
Lair:3:   layout_cave_pods, shoals_dummy_entry, uniq_amaemon
Lair:4:   layout_cave_shapes, serial_bayou_shore_b, infiniplex_staircase_pool,
          grunt_megastairs_2, uniq_snorg
Lair:5:   evilmike_catoblepas_cave, layout_hall_layers,
          dpeg_slime_entry_enclosed, uniq_urug
Spider:1: layout_chambers, nicolae_spider_eight_legs,
          hangedman_spider_tarantella_strand
Spider:2: layout_cave_pods, nicolae_spider_some_kinda_spiderbox
Spider:3: nicolae_spider_hilbert_zone_2 [nicolae_spider_hilbert_4_sides_1_open,
          nicolae_spider_hilbert_4_sides_1_open,
          nicolae_spider_hilbert_4_sides_1_open,
          nicolae_spider_hilbert_4_sides_1_open,
          nicolae_spider_hilbert_6_sides_1_open,
          nicolae_spider_hilbert_6_sides_1_open,
          nicolae_spider_hilbert_3_sides_1_open,
          nicolae_spider_hilbert_3_sides_1_open,
          nicolae_spider_hilbert_3_sides_1_open,
          nicolae_spider_hilbert_3_sides_1_open,
          nicolae_spider_hilbert_6_sides_1_open,
          nicolae_spider_hilbert_6_sides_1_open,
          nicolae_spider_hilbert_6_sides_1_open,
          nicolae_spider_hilbert_6_sides_1_open]
Spider:4: guppyfry_spider_rune, guppyfry_spider_mini_3
Orc:1:    layout_caves, basic_altar, uniq_fannar
Orc:2:    kennysheep_orc_mage_school, layout_diamond_mine, basic_altar

Skill      XL: |  1  2  3  4  5  6  7  8  9 10 11 12 13 14 15 16 17 |
---------------+----------------------------------------------------+-----
Conjurations   | 5 6 7 8 9 |  9.0
Hexes          | 4 5 6 8 9 11 12 13 15 17 18 | 18.1
Spellcasting   | 3 6 9 |  9.0
Stealth        | 3 5 7 9 12 | 12.0
Short Blades   | 3 5 8 9 10 11 13 14 | 14.0
Fighting       | 3 5 6 9 |  9.0
Dodging        | 2 6 |  6.0
Invocations    | 1 4 6 7 9 |  9.1
Shields        | 3 4 6 |  6.2
Evocations     | 3 |  3.0
Ice Magic      | 2 6 8 9 |  9.0

Action                   |  1- 3 |  4- 6 |  7- 9 | 10-12 | 13-15 | 16-18 || total
-------------------------+-------+-------+-------+-------+-------+-------++-------
Melee: Unarmed           |     9 |       |       |       |    22 |       ||    31
       Tailslap          |     1 |     3 |     9 |    34 |   128 |    34 ||   209
       Club              |     3 |       |       |       |       |       ||     3
       Falchion          |     6 |     7 |       |       |       |       ||    13
       Knife             |       |    32 |   111 |   303 |   620 |   319 ||  1385
       Rapier            |       |       |       |       |   201 |     6 ||   207
 Cast: Magic Dart        |    53 |    42 |    17 |     3 |     6 |     1 ||   122
       Searing Ray       |    11 |    19 |    18 |    41 |     8 |       ||    97
       Dazzling Flash    |       |     6 |    26 |    56 |    98 |    25 ||   211
       Ensorcelled Hiber |       |     2 |    35 |    57 |   113 |   127 ||   334
       Fulminant Prism   |       |       |     2 |    12 |    13 |       ||    27
       Anguish           |       |       |       |     3 |    35 |     5 ||    43
       Frozen Ramparts   |       |       |       |       |    14 |       ||    14
       Iskenderun's Myst |       |       |       |       |    17 |     6 ||    23
       Summon Ice Beast  |       |       |       |       |    11 |     2 ||    13
       Ice Form          |       |       |       |       |     2 |       ||     2
       Enfeeble          |       |       |       |       |     5 |    17 ||    22
Invok: Shadow Step       |       |       |       |     1 |    16 |     2 ||    19
 Abil: Breathe Dispellin |       |       |    10 |     8 |    17 |       ||    35
Evoke: Wand              |       |       |       |     5 |     2 |     3 ||    10
       Phantom mirror    |       |       |       |     1 |     1 |       ||     2
       Phial of floods   |       |       |       |       |     2 |       ||     2
  Use: Potion            |     1 |     4 |       |     1 |    11 |    10 ||    27
       Scroll            |       |     9 |     5 |    15 |    26 |    10 ||    65
 Stab: Invisible         |       |     4 |    23 |    71 |   128 |    43 ||   269
       Sleeping          |       |     1 |    34 |    63 |   147 |   105 ||   350
       Distracted        |       |       |     2 |     8 |    22 |     2 ||    34
Armor: Skin              |     8 |    20 |    36 |    92 |   337 |   184 ||   677
Dodge: Dodged            |    25 |    44 |   121 |   282 |   770 |   356 ||  1598
Block: Buckler           |       |    12 |    55 |   126 |   391 |   174 ||   758

Table legend: (Time is in decaauts)
 A = Elapsed time spent in this place.
 B = Non-inter-level travel time spent in this place.
 C = Inter-level travel time spent in this place.
 D = Time resting spent in this place.
 E = Time spent auto-exploring this place.
 F = Levels seen in this place.
 G = Mean time per level.
                   A        B        C        D        E       F      G
               +--------+--------+--------+--------+--------+-----+--------+
         Total |  39512 |  37481 |   2031 |  16695 |  13282 |  27 | 1463.4 |
       Dungeon |  21524 |  20358 |   1166 |   9295 |   7655 |  14 | 1537.4 |
          Lair |   7334 |   6912 |    422 |   2189 |   3335 |   5 | 1466.8 |
   Spider Nest |   6523 |   6442 |     81 |   3157 |   1474 |   4 | 1630.8 |
  Orcish Mines |   2957 |   2597 |    360 |   1290 |    809 |   2 | 1478.5 |
       Volcano |    507 |    507 |      0 |    278 |      8 |   1 |  507.0 |
      Gauntlet |    664 |    664 |      0 |    485 |      0 |   1 |  664.0 |
               +--------+--------+--------+--------+--------+-----+--------+

Top non-repeatable levels by time:
  Lair:5: 2898 daAuts
    D:14: 2383 daAuts
Spider:1: 2322 daAuts
    D:11: 2229 daAuts
    D:13: 1992 daAuts
     D:5: 1900 daAuts
Spider:4: 1854 daAuts
    D:10: 1718 daAuts
   Orc:2: 1625 daAuts
     D:9: 1624 daAuts
    D:12: 1539 daAuts
     D:7: 1535 daAuts
     D:4: 1483 daAuts
   Orc:1: 1332 daAuts
     D:8: 1326 daAuts
